 Dungeon Crawl Stone Soup version 0.28.0-47-ge53b351184 (webtiles) character file.

Game seed: 3348208516495278336

16 winsomniak the Ruffian (level 2, 0/25 HPs)
             Began as a Naga Transmuter on May 1, 2022.
             Slain by a giant cockroach (1 damage)
             ... on level 1 of the Dungeon.
             The game lasted 00:03:45 (456 turns).

winsomniak the Ruffian (Naga Transmuter)             Turns: 456, Time: 00:03:45

Health: 0/25       AC:  1    Str: 12    XL:     2   Next: 58%
Magic:  4/5        EV: 10    Int: 13    God:
Gold:   31         SH:  0    Dex: 11    Spells: 4/5 levels left

rFire   . . .      SeeInvis +     - Unarmed
rCold   . . .      Faith    .   (no shield)
rNeg    . . .      Spirit   .   a - +0 robe
rPois   +          Reflect  .   (helmet currently unavailable)
rElec   .          Harm     .   (no cloak)
rCorr   .          Rampage  .   (no gloves)
Will    .....                   (no barding)
Stlth   ++........              (no amulet)
HPRegen 0.08/turn               (no ring)
MPRegen 0.09/turn               (no ring)

@: appendages, very slow
A: horns 2, AC +0, large, see invisible, deformed body, poison resistance,
slowness 2, spit poison 1, naga tail 1
a: Spit Poison, End Transformation


You were on level 1 of the Dungeon.
You had temporarily grown beastly horns.
You visited 1 branch of the dungeon, and saw 1 of its levels.

You collected 31 gold pieces.

Inventory:

Armour
 a - a +0 robe (worn)
Scrolls
 b - a scroll of vulnerability {unknown}
 d - a scroll of amnesia {unknown}
 e - a scroll of identify {unknown}
 f - a scroll of torment {unknown}
Potions
 c - a potion of heal wounds {unknown}


   Skills:
 + Level 1.2 Fighting
 + Level 0.2 Armour
 + Level 1.7 Dodging
 * Level 1.7 Stealth
 + Level 3.0 Unarmed Combat
 + Level 2.1 Spellcasting
 + Level 2.1 Transmutations


You had 4 spell levels left.
You knew the following spells:

 Your Spells              Type           Power      Damage    Failure   Level
a - Beastly Appendage     Tmut           12%        N/A       11%         1

Your spell library contained the following spells:

 Spells                   Type           Power      Damage    Failure   Level
 Wereblood                Tmut           6%         N/A       16%         2
 Spider Form              Tmut/Pois      4%         N/A       43%         3
 Ice Form                 Ice/Tmut       4%         N/A       85%         4


Dungeon Overview and Level Annotations

Branches:
Dungeon (1/15)

Altars:


Innate Abilities, Weirdness & Mutations

You have temporarily grown beastly horns.
Your serpentine skin is tough. (AC +0)
You have supernaturally acute eyesight. (SInv)
Armour fits poorly on your strangely shaped body.
Your system is resistant to poisons. (rPois)
You cover ground very slowly.
You can spit poison.
You have a snake-like lower body.


Message History

The ball python barely misses you. The giant cockroach bites you.
The quokka moves out of view.
You see here 16 gold pieces.
The bat hits you. The ball python bites you. The bat hits you.
The giant cockroach bites you. The ball python bites you.
The bat hits you but does no damage.
You barely miss the bat. Your headbutt misses the bat. The bat hits you.
* * * LOW HITPOINT WARNING * * *
The bat hits you but does no damage.
The giant cockroach bites you but does no damage.
The ball python barely misses you.
You hit the bat but do no damage. The bat closely misses you.
The ball python bites you.
* * * LOW HITPOINT WARNING * * *
The bat misses you. The giant cockroach barely misses you.
You hit the bat but do no damage. You headbutt the bat.
You kill the bat!
Your horns disappear.
The ball python bites you but does no damage.
The giant cockroach bites you.
* * * LOW HITPOINT WARNING * * *
The giant cockroach waves its antennae.
The giant cockroach barely misses you.
The ball python bites you but does no damage.
You see here a bat corpse.
You hit the ball python.
The ball python is severely wounded.
The ball python closely misses you. The ball python bites you.
* * * LOW HITPOINT WARNING * * *
Casting: Beastly Appendage (safe; 11% risk of failure)
Confirm with . or Enter, or press ? or * to list all spells.
You grow a pair of large bovine horns.
The ball python bites you.
* * * LOW HITPOINT WARNING * * *
You hit the ball python.
You kill the ball python!
You barely miss the giant cockroach. The giant cockroach closely misses you.
You hit the giant cockroach but do no damage.
The giant cockroach bites you but does no damage.
You barely miss the giant cockroach. The giant cockroach bites you.
You die...

##..# ###.##
##.# #. . #.# #
# # # #.# . .
#.# .#. #.# #.#
#.# #.# # #.#
#.# .#.##### #.#
#@# ........
###.######B##
#......
#........$..#
######.
#.#.###........#
#... #.#.#
#..........#
#.## # #.#
#..#..###### #.#
#.. #..#..#
##### #.# .>.
...##.#
##...###.#
.......# .#
##.....##.#


You could see a giant cockroach.

Vanquished Creatures
  2 endoplasms (D:1)
  A giant cockroach (D:1)
  A quokka (D:1)
  2 ball pythons (D:1)
  3 bats (D:1)
  5 frilled lizards (D:1)
  A goblin (D:1)
  3 kobolds (D:1)
  A rat (D:1)
19 creatures vanquished.

Notes
Turn   | Place    | Note
-------+----------+-------------------------------------------
     0 | D:1      | winsomniak the Naga Transmuter began the quest for the Orb.
     0 | D:1      | Reached XP level 1. HP: 18/18 MP: 3/3
   211 | D:1      | Reached skill level 1 in Stealth
   248 | D:1      | Reached XP level 2. HP: 25/25 MP: 3/5
   452 | D:1      | HP: 1/25 [ball python (3)]
   456 | D:1      | Slain by a giant cockroach

Illustrated notes

Levels and vault maps discovered:
D:1:      dpeg_arrival_round_c, layout_loops_ring, minmay_indecisive_spiral

Skill      XL: |  1 |
---------------+----+-----
Stealth        | 1 |  1.7
Fighting       | |  1.2
Armour         | |  0.2
Dodging        | |  1.7
Unarmed Combat | |  3.0
Spellcasting   | |  2.1
Transmutations | |  2.1

Action                   || total
-------------------------++-------
Melee: Unarmed           ||    47
       Headbutt          ||     7
 Cast: Beastly Appendage ||    11
 Stab: Sleeping          ||     1
Armor: Robe              ||    10
Dodge: Dodged            ||    31
